 Dungeon Crawl Stone Soup version 0.28-a0-1555-g9ae15a6949 (webtiles) character file.

Game seed: 8095654933416003781

189 mordus the Shield-Bearer (level 6, -5/47 HPs)
             Began as a Formicid Fighter on Jan 18, 2022.
             Slain by Duvessa (8 damage)
             ... on level 4 of the Dungeon.
             The game lasted 00:03:14 (2925 turns).

mordus the Shield-Bearer (Formicid Fighter)         Turns: 2925, Time: 00:03:15

Health: -5/47      AC:  7    Str: 23    XL:     6   Next: 0%
Magic:  6/6        EV:  9    Int:  7    God:
Gold:   227        SH:  4    Dex: 10    Spells: 5/5 levels left

rFire   . . .      SeeInvis +   a - +0 long sword
rCold   . . .      Faith    .   c - +0 buckler
rNeg    . . .      Spirit   .   b - +0 scale mail
rPois   .          Reflect  .   (helmet unavailable)
rElec   .          Harm     .   (no cloak)
rCorr   .          Rampage  .   (no gloves)
Will    .....                   (no boots)
Stlth   ..........              (no amulet)
HPRegen 0.15/turn               (no ring)
MPRegen 0.10/turn               (no ring)

@: no status effects
A: permanent stasis, dig shafts and tunnels, antennae 3, four strong arms
a: Dig, Shaft Self


You were on level 4 of the Dungeon.
You visited 1 branch of the dungeon, and saw 4 of its levels.

You collected 227 gold pieces.

Inventory:

Hand Weapons
 a - a +0 long sword (weapon)
Armour
 b - a +0 scale mail (worn)
 c - a +0 buckler (worn)
Jewellery
 i - a ring of ice
 m - a +6 ring of strength
Scrolls
 e - 2 scrolls of enchant armour {unknown}
 g - 2 scrolls of identify {unknown}
 h - 3 scrolls of amnesia {unknown}
 j - 2 scrolls of immolation {unknown}
 l - a scroll of holy word {unknown}
 p - a scroll of enchant weapon {unknown}
Potions
 d - a potion of might
 f - 3 potions of curing {unknown}
 k - a potion of heal wounds {unknown}
 n - a potion of attraction {unknown}
 o - a potion of flight {unknown}
 q - 3 potions of magic {unknown}


   Skills:
 - Level 3.2 Fighting
 * Level 4.2 Long Blades
 + Level 4.4 Armour
 + Level 4.8 Shields


You had 5 spell levels left.
You didn't know any spells.
Your spell library was empty.

Dungeon Overview and Level Annotations

Branches:
Dungeon (4/15)
 Temple: D:4-7

Altars:

Annotations:
D:4 Dowan, Duvessa


Innate Abilities, Weirdness & Mutations

You cannot be hasted, slowed, berserked, paralysed or teleported.
You can dig through walls and to a lower floor.
You have a pair of large antennae on your head. (SInv)
Your four strong arms can wield two-handed weapons with a shield.


Message History

Duvessa hits you with a +0 short sword. Duvessa closely misses you.
You hit Duvessa but do no damage.
Duvessa is lightly wounded.
Duvessa hits you with a +0 short sword! Duvessa hits you with a +0 short sword.
You barely miss Duvessa.
Duvessa is lightly wounded.
You block Duvessa's attack. Duvessa barely misses you.
You closely miss Duvessa.
Duvessa is lightly wounded.
Duvessa closely misses you. You block Duvessa's attack.
You hit Duvessa.
Duvessa is moderately wounded.
Duvessa hits you with a +0 short sword.
You slash Duvessa!
Duvessa is heavily wounded.
Duvessa hits you with a +0 short sword. Duvessa hits you but does no damage.
You slash Duvessa!
Duvessa is severely wounded.
Duvessa hits you but does no damage.
Dowan whispers, "It won't be long now."
Dowan mumbles some strange words.
Dowan blinks!
Duvessa hits you but does no damage.
Dowan hits you with a +4 dagger of freezing.
* * * LOW HITPOINT WARNING * * *
Dowan freezes you.
* * * LOW HITPOINT WARNING * * *
Dowan hits you with a +4 dagger of freezing.
* * * LOW HITPOINT WARNING * * *
Dowan freezes you.
* * * LOW HITPOINT WARNING * * *
Duvessa barely misses you.
You hit Duvessa.
Duvessa is almost dead.
Duvessa is no longer moving quickly.
Duvessa hits you with a +0 short sword.
* * * LOW HITPOINT WARNING * * *
Duvessa hits you with a +0 short sword.
* * * LOW HITPOINT WARNING * * *
Unknown command.
Duvessa hits you with a +0 short sword!
You die...

#{# #.# #{#
#################.#
#.................#
##.################
#e# #e# #@# #.# #<#
###


You could see Duvessa and Dowan.

Vanquished Creatures
  Natasha (thrice) (D:2)
  5 adders
  2 dart slugs
  6 ball pythons
  4 endoplasms (D:1)
  A giant cockroach (D:2)
  9 goblins
  6 hobgoblins
  9 jackals
  6 bats
  4 frilled lizards
  4 kobolds (D:1)
  7 rats
66 creatures vanquished.

Vanquished Creatures (others)
  A withered plant (D:1)
1 creature vanquished.

Grand Total: 67 creatures vanquished

Notes
Turn   | Place    | Note
-------+----------+-------------------------------------------
     0 | D:1      | mordus the Formicid Fighter began the quest for the Orb.
     0 | D:1      | Reached XP level 1. HP: 18/18 MP: 1/1
   126 | D:1      | Reached XP level 2. HP: 21/24 MP: 2/2
   186 | D:1      | Found a faded altar of an unknown god.
   308 | D:1      | You fall into a shaft and drop 1 floor!
   315 | D:2      | Reached XP level 3. HP: 27/29 MP: 3/3
   470 | D:2      | Noticed Natasha
   474 | D:2      | Killed Natasha
   475 | D:2      | Reached XP level 4. HP: 20/35 MP: 4/4
   490 | D:2      | Noticed Natasha
   499 | D:2      | Killed Natasha
  1483 | D:2      | Reached XP level 5. HP: 41/41 MP: 5/5
  1980 | D:2      | Noticed Natasha
  1987 | D:2      | Killed Natasha
  2807 | D:3      | Reached XP level 6. HP: 47/47 MP: 6/6
  2887 | D:4      | Noticed Dowan
  2888 | D:4      | Noticed Duvessa
  2925 | D:4      | Slain by Duvessa

Illustrated notes

Levels and vault maps discovered:
D:1:      tarquinn_simple_flora_water_c, layout_loops_ring,
          ebering_ecumenical_altar_petrified
D:2:      layout_loops_ring, uniq_natasha
D:3:      minmay_recursive_quarters, layout_basic, grunt_decor_cap
D:4:      layout_basic, mainiacjoe_overflow_24_doors, minmay_close_crescents,
          uniq_ijyb, uniq_grinder, uniq_eustachio, uniq_duvessa

Skill      XL: |  1  2  3  4  5 |
---------------+----------------+-----
Shields        | 4 |  4.8
Long Blades    | 3 4 |  4.2
Armour         | 4 |  4.4
Fighting       | |  3.2

Action                   |  1- 3 |  4- 6 || total
-------------------------+-------+-------++-------
Melee: Long sword        |    53 |   143 ||   196
Armor: Scale mail        |    21 |    51 ||    72
Dodge: Dodged            |    22 |    69 ||    91
Block: Buckler           |    10 |    42 ||    52

Table legend: (Time is in decaauts)
 A = Elapsed time spent in this place.
 B = Non-inter-level travel time spent in this place.
 C = Inter-level travel time spent in this place.
 D = Time resting spent in this place.
 E = Time spent auto-exploring this place.
 F = Levels seen in this place.
 G = Mean time per level.
                   A        B        C        D        E       F      G
               +--------+--------+--------+--------+--------+-----+--------+
         Total |   2978 |   2925 |     53 |    237 |   2169 |   4 |  744.5 |
       Dungeon |   2978 |   2925 |     53 |    237 |   2169 |   4 |  744.5 |
               +--------+--------+--------+--------+--------+-----+--------+

Top non-repeatable levels by time:
     D:2: 1077 daAuts
     D:1: 1000 daAuts
     D:3: 833 daAuts
     D:4: 66 daAuts
